Map: Ascension to Aiur LE

Players

MaNa - Winner!

  • Race: Protoss Protoss
  • Spawn Location: 5:00

Expect

  • Race: Terran Terran
  • Spawn Location: 11:00

Event: WCS Montreal 2017

VOD

Have the link to the VOD?

Description

Time

  • Played on: Sept. 8, 2017, 6:03 p.m.
  • Length: 12:21

All games in this series

Show
View Real Time Build Order
Export as new Build Order

MaNa Protoss - Winner!

Build Orders: Oracle Opening 

Get SALT Encoding   

  12  0:00  Probe (Chrono Boost)  
  13  0:11  Probe (Chrono Boost)  
  14  0:17  Pylon  
  14  0:22  Probe (Chrono Boost)  
  15  0:36  Probe (Chrono Boost)  
  15  0:38  Gateway  
  16  0:46  Probe (Chrono Boost)  
  16  0:49  Assimilator  
  18  0:57  Probe (Chrono Boost)  
  18  1:07  Probe (Chrono Boost)  
  18  1:08  Assimilator  
  19  1:18  Probe (Chrono Boost)  
  20  1:25  Cybernetics Core  
  20  1:28  Probe (Chrono Boost)  
  21  1:39  Probe (Chrono Boost)  
  22  1:44  Pylon  
  22  1:49  Probe (Chrono Boost)  
  23  1:55  Nexus  
  23  2:04  Stargate  
  23  2:11  Adept (Chrono Boost)  
  23  2:14  Probe  
  26  2:18  Warp Gate  
  26  2:26  Probe  
  26  2:28  Pylon  
  27  2:35  Adept (Chrono Boost)  
  29  2:38  Probe  
  30  2:49  Oracle (Chrono Boost)  
  30  2:50  Probe  
  34  2:59  Adept  
  34  3:02  Probe  
  34  3:05  Probe  
  38  3:14  Probe  
  38  3:16  Probe  
  40  3:22  Oracle (Chrono Boost)  
  40  3:26  Probe x2  
  45  3:37  Probe  
  45  3:38  Probe  
  47  3:47  Probe  
  47  3:50  Probe  
  47  3:54  Oracle (Chrono Boost)  
  47  3:57  Gateway  
  47  3:58  Probe, Gateway  
  46  4:03  Probe  
  46  4:08  Probe  
  47  4:11  Pylon  
  47  4:15  Probe  
  49  4:19  Probe  
  49  4:24  Nexus  
  50  4:27  Mothership Core (Chrono Boost)  
  50  4:30  Assimilator, Sentry  
  50  4:31  Probe (Chrono Boost), Assimilator  
  55  4:42  Pylon  
  55  4:45  Probe (Chrono Boost)  
  56  4:46  Probe (Chrono Boost)  
  56  4:47  Pylon  
  57  4:53  Stalker x2  
  61  5:00  Stalker  
  61  5:06  Probe x2 (Chrono Boost)  
  65  5:15  Twilight Council  
  65  5:17  Probe x2 (Chrono Boost), Stalker  
  65  5:18  Stalker, Forge  
  71  5:26  Pylon  
  71  5:27  Probe x2 (Chrono Boost)  
  73  5:33  Pylon  
  73  5:38  Probe (Chrono Boost)  
  73  5:42  Gateway x2  
  74  5:47  Stalker x2  
  74  5:49  Probe (Chrono Boost), Blink (Chrono Boost)  
  79  5:50  Probe (Chrono Boost)  
  80  5:57  Protoss Ground Weapons Level 1 (Chrono Boost)  
  80  6:06  Probe x2, Pylon  
  80  6:07  Probe, Pylon  
  83  6:13  Sentry x2  
  83  6:16  Probe x2  
  89  6:19  Gateway  
  89  6:25  Gateway  
  89  6:28  Robotics Facility  
  89  6:30  Stalker  
  91  6:35  Probe  
  91  6:36  Probe x2  
  94  6:48  Sentry, Stalker  
  94  6:50  Assimilator  
  98  6:54  Assimilator  
  98  6:55  Adept x2  
  98  6:56  Adept  
  104  7:01  Pylon  
  104  7:02  Pylon  
  104  7:14  Stalker  
  106  7:17  Photon Cannon, Observer, Pylon  
  107  7:34  Stalker x4  
  115  7:40  Resonating Glaives  
  115  7:43  Immortal (Chrono Boost)  
  119  7:45  Pylon  
  119  7:46  Pylon  
  119  7:51  Protoss Ground Armor Level 1 (Chrono Boost)  
  119  7:52  Adept  
  119  7:53  Adept  
  123  8:01  Adept x4  
  125  8:16  Adept x2  
  133  8:20  Immortal (Chrono Boost)  
  133  8:24  Adept x4  
  136  8:28  Probe  
  136  8:30  Probe x2  
  139  8:40  Stalker x2  
  139  8:41  Stalker  
  141  8:57  Immortal (Chrono Boost)  
  145  9:04  Robotics Bay  
  145  9:08  Robotics Facility  
  145  9:10  Adept x6  
  145  9:11  Adept  
  159  9:20  Nexus  
  159  9:23  Pylon  
  159  9:25  Pylon  
  159  9:26  Pylon  
  159  9:31  Adept x3  
  165  9:49  Colossus (Chrono Boost)  
  165  9:50  Adept x4  
  169  10:05  Colossus (Chrono Boost)  
  169  10:12  Extended Thermal Lance (Chrono Boost)  
  173  10:15  Probe x2  
  173  10:16  Probe  
  154  10:34  Immortal  
  142  10:38  Probe  
  123  10:48  Adept x7  
  131  10:52  Probe  
  131  10:53  Probe x2  
  131  10:54  Probe  
  131  10:56  Immortal  
  139  11:05  Forge  
  139  11:08  Sentry x2  
  139  11:09  Sentry  
  139  11:10  Stalker  
  147  11:13  Stalker  
  149  11:23  Colossus  
  149  11:25  Stalker x2  
  159  11:35  Templar Archives  
  159  11:38  Photon Cannon  
  159  11:46  Probe x4  
  162  11:48  Stalker  
  162  11:49  Stalker  
  151  12:13  Stalker x7  
Show
View Real Time Build Order
Export as new Build Order

Expect Terran 

Build Orders: Cyclone Opening, MMM Bio 

Get SALT Encoding   

  12  0:00  SCV  
  13  0:12  SCV  
  14  0:17  Supply Depot  
  14  0:25  SCV  
  15  0:29  Refinery  
  15  0:39  SCV  
  16  0:45  Barracks  
  16  0:51  SCV  
  17  1:03  SCV  
  18  1:15  SCV  
  19  1:32  Orbital Command  
  19  1:33  Barracks Reactor  
  19  1:42  Command Center  
  19  1:53  Supply Depot  
  19  2:01  SCV  
  19  2:06  Factory  
  20  2:11  Marine  
  20  2:12  Marine  
  22  2:20  SCV  
  23  2:28  Marine  
  24  2:30  Marine  
  24  2:31  Refinery  
  25  2:37  SCV  
  26  2:47  Marine  
  26  2:48  Marine  
  26  2:50  SCV  
  29  2:54  Cyclone  
  29  2:56  Orbital Command  
  32  3:03  SCV  
  33  3:07  Marine x2  
  35  3:15  Starport  
  35  3:16  SCV  
  36  3:24  SCV  
  37  3:28  SCV  
  37  3:29  Marine  
  37  3:30  Marine  
  37  3:33  Cyclone  
  42  3:44  SCV  
  42  3:49  Marine  
  42  3:50  Marine  
  42  3:51  SCV  
  42  3:55  Viking  
  44  3:56  SCV  
  45  4:04  Supply Depot  
  45  4:05  Supply Depot  
  45  4:06  SCV  
  46  4:17  SCV  
  46  4:20  SCV  
  46  4:25  Marine x2  
  46  4:26  Viking, Cyclone  
  46  4:29  SCV  
  54  4:32  SCV  
  55  4:40  Supply Depot  
  55  4:41  SCV  
  55  4:43  Marine x2  
  55  4:44  SCV  
  59  4:53  SCV  
  59  4:57  SCV  
  61  5:02  Factory Tech Lab  
  61  5:03  Barracks  
  61  5:05  Barracks, SCV  
  62  5:07  Supply Depot  
  62  5:08  Starport Tech Lab  
  62  5:10  SCV  
  62  5:13  Marine  
  62  5:14  Marine  
  65  5:18  SCV  
  66  5:22  Supply Depot  
  66  5:25  SCV, Engineering Bay  
  67  5:30  Factory Reactor, SCV  
  70  5:37  SCV, Starport Reactor  
  70  5:42  SCV, Refinery  
  70  5:47  Marine, Stimpack  
  70  5:49  SCV  
  72  5:54  SCV  
  73  5:59  Terran Infantry Weapons Level 1  
  73  6:02  Supply Depot, Marine  
  73  6:03  Marine x2  
  73  6:04  Combat Shields  
  76  6:05  Marine, SCV  
  76  6:08  Widow Mine x2  
  83  6:14  Refinery  
  83  6:15  Supply Depot  
  82  6:20  Medivac x2  
  82  6:23  Marine x4, SCV x2  
  92  6:27  Supply Depot  
  92  6:29  Missile Turret  
  92  6:30  Missile Turret  
  92  6:38  Widow Mine x2  
  96  6:41  Marine x4  
  100  6:50  Medivac x2  
  104  6:58  Marine x3  
  104  6:59  Supply Depot x2, Marine  
  106  7:16  Marine x2  
  106  7:17  Marauder  
  106  7:20  Widow Mine x2, Marauder  
  116  7:25  Liberator  
  116  7:26  SCV  
  116  7:27  Liberator, SCV  
  115  7:31  Command Center  
  115  7:36  Barracks, Marine  
  115  7:37  Marine  
  113  7:38  Barracks, Marauder  
  118  7:52  SCV  
  118  7:53  SCV  
  120  8:05  SCV x2  
  118  8:07  Marine x2, Marauder x2  
  124  8:17  SCV x2  
  122  8:24  Marine  
  122  8:25  Marine  
  122  8:28  Marauder  
  122  8:29  SCV x2  
  122  8:32  Liberator  
  122  8:33  Liberator  
  126  8:41  SCV x2  
  115  8:52  Marine x2  
  115  8:53  Widow Mine, Barracks Tech Lab, SCV, Barracks Reactor, Marauder x2  
  115  8:54  Widow Mine  
  132  8:57  Orbital Command  
  132  9:03  Terran Infantry Armor Level 1, SCV  
  132  9:05  SCV  
  134  9:13  Supply Depot  
  134  9:14  Marine, Marauder  
  134  9:15  Marauder x2  
  141  9:17  Liberator  
  141  9:24  Liberator  
  141  9:34  SCV, Widow Mine x2  
  141  9:37  Marine x2, SCV  
  149  9:38  Marine x2  
  149  9:41  Marauder  
  146  9:46  Marine x2  
  142  9:55  Marine x2  
  142  9:56  Marine  
  142  9:57  SCV x3  
  145  10:00  Liberator  
  145  10:02  Marauder  
  145  10:03  Marine  
  145  10:04  Marauder x2  
  139  10:07  Liberator  
  139  10:09  Widow Mine x2  
  139  10:13  Marine x2  
  135  10:15  Marine  
  135  10:18  SCV x3  
  135  10:21  Marine  
  135  10:23  Marauder  
  135  10:25  Marine  
  135  10:26  Marauder  
  118  10:31  Marine x2, SCV x2  
  118  10:33  Marine  
  107  10:39  Marine  
  89  10:43  Marine, SCV x3  
  89  10:44  Marine  
  89  10:47  Marauder  
  92  10:55  Marine x3  
  92  10:56  Marine  
  95  11:01  Marauder  
  95  11:02  Medivac  
  95  11:03  Marauder  
  102  11:05  Widow Mine x2  
  102  11:07  Medivac  
  108  11:13  Marine x2  
  110  11:23  Marauder  
  106  11:34  Refinery  
  106  11:35  Refinery  
  106  11:38  Command Center  
  106  11:42  Starport, Armory  
  106  11:43  Engineering Bay  
  106  11:50  Marine x3, Marauder x2  
  106  11:51  Marine, Marauder  
  114  11:56  SCV x2  
  114  11:57  SCV  
Tags
 
Add a new tag
Caveats
  • Supply blocks, unpowered buildings, or Contaminate may cause inaccurate times.
  • Supply counts are checked every 10 seconds.